 Dungeon Crawl Stone Soup version 0.19-a0-722-g27ac516 (webtiles) character file.

817 TheGoonsmith the Zephyrmancer (level 7, 0/36 HPs)
             Began as a Tengu Air Elementalist on June 21, 2016.
             Was an Initiate of Vehumet.
             Killed by their own static electricity (2 damage)
             ... on level 6 of the Dungeon.
             The game lasted 00:07:40 (4062 turns).

TheGoonsmith the Zephyrmancer (TeAE)                Turns: 4062, Time: 00:07:41

Health: 0/36       AC:  4    Str:  9    XL:     7   Next: 94%
Magic:  6/14       EV: 12    Int: 17    God:    Vehumet [......]
Gold:   245        SH:  0    Dex: 14    Spells: 4 memorised, 6 levels left

rFire  . . .     SeeInvis .     j - -2 spear (curse)
rCold  . . .     Gourm    .     a - +1 robe
rNeg   . . .     Faith    .     (no shield)
rPois  .         Spirit   .     (helmet restricted)
rElec  .         Dismiss  .     h - +0 cloak
rCorr  .         Reflect  .     (no gloves)
SustAt .         Harm     .     (boots unavailable)
MR     .....                    o - amulet of magic regeneration
Stlth  ++........               (no ring)
                                u - ring of wizardry

@: repel missiles, not resistant to hostile enchantments, unstealthy
A: beak, talons 3, able to fly 1
a: Fly, Renounce Religion


You were on level 6 of the Dungeon.
You worshipped Vehumet.
Vehumet was noncommittal.
You were hungry.

You visited 2 branches of the dungeon, and saw 7 of its levels.

You collected 245 gold pieces.

Inventory:

Hand Weapons
 c - a +0 quarterstaff
 j - a cursed -2 spear (weapon)
Armour
 a - a +1 robe (worn)
 h - a +0 cloak (worn)
Jewellery
 o - an amulet of magic regeneration (around neck)
 u - a ring of wizardry (left hand)
Wands
 t - a wand of lightning (5/15)
Scrolls
 n - 2 scrolls of enchant weapon
 p - 6 scrolls of teleportation
 r - a scroll of identify
Potions
 d - 2 potions of curing
 e - 3 potions of ambrosia
 f - a potion of agility
 g - 2 potions of degeneration
 k - a potion of invisibility
 m - a potion of flight {unknown}
 q - a potion of magic {unknown}
 s - a potion of brilliance {unknown}
 v - a potion of heal wounds {unknown}
 x - a potion of resistance {unknown}
Books
 b - a book of Air

   Spells                             Type                      Level
   a - Shock                          Conjuration/Air              1
   b - Swiftness                      Charms/Air                   2
   c - Repel Missiles                 Charms/Air                   2
   d - Static Discharge               Conjuration/Air              3
   e - Lightning Bolt                 Conjuration/Air              5
Comestibles
 i - 2 slices of pizza
 l - 3 beef jerkies
 w - a bread ration


   Skills:
 - Level 2.1 Dodging
 - Level 2.0 Stealth
 + Level 4.2 Spellcasting
 * Level 7.0 Conjurations
 * Level 8.0 Air Magic


You had 6 spell levels left.
You knew the following spells:

 Your Spells              Type           Power        Failure   Level  Hunger
a - Shock                 Conj/Air       ####         1%          1    None
e - Swiftness             Chrm/Air       ###.....     1%          2    ##.....
r - Repel Missiles        Chrm/Air       ###...       1%          2    ##.....
s - Static Discharge      Conj/Air       ####....     1%          3    ###....


Dungeon Overview and Level Annotations

Branches:
Dungeon (6/15)             Temple (1/1) D:5

Altars:
Ashenzari
Fedhas
Gozag
Okawaru
Qazlal
Sif Muna
Uskayaw
Vehumet
The Shining One


Innate Abilities, Weirdness & Mutations

You have a beak for a mouth.
You have claws for feet.
You can fly.


Message History

The orc priest is heavily wounded.
Casting: Shock
Confirm with . or Enter, or press ? or * to list all spells.
Aiming: Shock
Press: ? - help, Shift-Dir - straight line The zap hits the orc priest.
The orc priest is severely wounded.
The orc priest mumbles some strange prayers to Beogh against you.
Pain shoots through your body!
* * * LOW HITPOINT WARNING * * *
Unknown command.
Casting: Shock
Confirm with . or Enter, or press ? or * to list all spells.
The orc priest is struck by lightning.
You kill the orc priest!
Vehumet accepts your kill.
Your Conjurations skill increases to level 7!
Your Air Magic skill increases to level 8!
The lightning arcs!
You are struck by lightning.
You die... .P).# ≈PPP#

o≈.P P≈P### ≈≈..#
Pc.#
..########..#
.......<@#.#
.#######.))######
##......>..
#..####### #.##
#.# #.# #.# ..#


There were no monsters in sight!

Vanquished Creatures
  A sky beast (D:5)
  A centaur (D:6)
  An ogre (D:4)
  A scorpion (D:4)
  A crimson imp (D:5)
  A quasit (D:5)
  A hound (D:5)
  5 orc priests
  Jessica (D:2)
  3 worker ants
  3 orc wizards
  A hound zombie (D:5)
  An adder (D:3)
  2 worms (D:3)
  2 dart slugs
  2 giant geckos
  10 orcs
  4 ball pythons
  4 giant cockroaches
  5 goblins
  5 hobgoblins (D:1)
  5 kobolds
  A quokka (D:4)
  7 bats
  2 giant newts
  2 rats
72 creatures vanquished.

Notes
Turn   | Place    | Note
--------------------------------------------------------------
     0 | D:1      | TheGoonsmith the Tengu Air Elementalist began the quest for the Orb.
     0 | D:1      | Reached XP level 1. HP: 10/10 MP: 4/4
   279 | D:1      | Reached XP level 2. HP: 15/15 MP: 0/6
   894 | D:2      | Noticed Jessica
   904 | D:2      | Killed Jessica
   904 | D:2      | Reached XP level 3. HP: 19/19 MP: 0/7
  1322 | D:2      | Found a blossoming altar of Fedhas.
  1520 | D:2      | Reached skill level 5 in Air Magic
  1770 | D:2      | Reached XP level 4. HP: 11/24 MP: 1/8
  1934 | D:2      | Learned a level 3 spell: Static Discharge
  1937 | D:2      | Learned a level 2 spell: Repel Missiles
  1940 | D:2      | Learned a level 2 spell: Swiftness
  1999 | D:3      | Found an iron altar of Okawaru.
  2170 | D:3      | Gained mutation: You can fly. [Tengu growth]
  2170 | D:3      | Reached XP level 5. HP: 28/28 MP: 6/10
  2723 | D:4      | Noticed an ogre
  2737 | D:4      | Killed an ogre
  2737 | D:4      | Reached skill level 5 in Conjurations
  2737 | D:4      | Reached skill level 6 in Air Magic
  2737 | D:4      | Reached XP level 6. HP: 32/32 MP: 2/11
  3004 | D:4      | Found an opulent altar of Gozag.
  3293 | D:5      | Entered Level 5 of the Dungeon
  3311 | D:5      | Reached XP level 7. HP: 30/36 MP: 0/13
  3311 | D:5      | Reached skill level 7 in Air Magic
  3437 | D:5      | Found a stormy altar of Qazlal.
  3489 | D:5      | Found a staircase to the Ecumenical Temple.
  3495 | Temple   | Entered the Ecumenical Temple
  3505 | Temple   | Became a worshipper of Vehumet
  3960 | D:5      | Found a shattered altar of Ashenzari.
  4062 | D:6      | Reached skill level 8 in Air Magic
  4062 | D:6      | Killed from afar by themself

Vault maps used:
D:1:      minmay_arrival_four_loops, serial_curves, eino_curves_01,
          eino_curves_02, minmay_misc_feat_roman, minivault_27,
          columned_hall_lemuel, serial_bayou_pond_a
D:2:      minmay_misc_feat_four_crosses, fedhas_altar_3, uniq_jessica
D:3:      okawaru_gym_becter
D:4:      grunt_gozag_breadcrumbs
D:5:      nicolae_qazlal_eye_of_the_storm, lemuel_coloured_pillars_altar,
          first_bread
D:6:      lemuel_doored_altar, kennysheep_mini, makhleb_heckhound_becter,
          serial_bayou_lagoon_a, uniq_prince_ribbit1, uniq_sigmund
Temple:   nicolae_temple_god_jail

Skill      XL: |  1  2  3  4  5  6  7 |
---------------+----------------------+-----
Conjurations   | 2 3 5 7 |  7.0
Air Magic      | 5 6 8 |  8.0
Spellcasting   | 3 4 |  4.2
Dodging        | |  2.1
Stealth        | |  2.0

Action                   |  1- 3 |  4- 6 |  7- 9 || total
-------------------------+-------+-------+-------++-------
Melee: Spear             |     4 |     1 |    11 ||    16
       Kick              |     1 |     1 |     2 ||     4
       Unarmed           |     1 |       |       ||     1
       Peck              |     1 |       |       ||     1
 Cast: Shock             |    60 |    93 |    37 ||   190
       Repel Missiles    |       |     1 |       ||     1
       Static Discharge  |       |     5 |     1 ||     6
  Use: Scroll            |     6 |     2 |     5 ||    13
       Potion            |     1 |       |     1 ||     2
  Eat: Chunk             |     1 |     2 |     3 ||     6
       Bread ration      |     1 |       |       ||     1
Armor: Robe              |       |     6 |     3 ||     9
Dodge: Dodged            |    15 |     5 |    16 ||    36
       Deflected         |       |     1 |     1 ||     2
